 Dungeon Crawl Stone Soup version 0.18.1-8-gdd0e5ea (webtiles) character file.

191 deorigin the Changer (level 5, -7/44 HPs)
             Began as a Naga Transmuter on May 24, 2016.
             Mangled by an ice beast (13 damage)
             ... on level 5 of the Dungeon.
             The game lasted 00:09:13 (3763 turns).

deorigin the Changer (Naga Transmuter)              Turns: 3763, Time: 00:09:14

Health: -7/44      AC:  2    Str: 12    XL:     5   Next: 70%
Magic:  1/8        EV: 15    Int: 15    God:
Gold:   235        SH:  6    Dex: 16    Spells: 3 memorised, 2 levels left

rFire  . . .     SeeInvis +       - Unarmed
rCold  . . .     Gourm    .     v - +0 robe (curse)
rNeg   . . .     Faith    .     (no shield)
rPois  +         Spirit   .     (no helmet)
rElec  .         Dismiss  .     (no cloak)
rCorr  .         Reflect  +     (no gloves)
SustAt .         Harm     .     (no barding)
MR     .....                    j - +6 amulet of reflection
Stlth  +++.......               (no ring)
                                (no ring)

@: agile, very slightly contaminated, hasted, quick, not resistant to hostile
enchantments, fairly stealthy
A: see invisible, deformed body, poison resistance, slowness 2, slow metabolism
1, spit poison 2, AC +1
a: Spit Poison


You were on level 5 of the Dungeon.
You were not hungry.

You visited 1 branch of the dungeon, and saw 5 of its levels.

You collected 235 gold pieces.

Inventory:

Hand Weapons
 D - a +0 flail
Missiles
 a - 30 arrows
 e - 11 poisoned needles
Armour
 b - a +0 robe
 h - a cursed +0 scale mail
 p - a +4 ring mail
 r - a cursed +0 leather armour
 v - a cursed +0 robe (worn)
 G - a cursed +0 robe
Jewellery
 i - an uncursed ring of fire
 j - a +6 amulet of reflection (around neck)
 t - an uncursed amulet of harm {unknown}
Scrolls
 l - a scroll of random uselessness {unknown}
 n - a scroll of fog
 o - a scroll of remove curse {unknown}
 u - a scroll of teleportation {unknown}
 x - a scroll of noise {unknown}
 A - a scroll of magic mapping {unknown}
 E - a scroll of enchant weapon {unknown}
 F - a scroll of blinking {unknown}
Potions
 q - a potion of resistance
 z - a potion of heal wounds {unknown}
 C - 2 potions of flight {unknown}
Books
 c - a book of Changes

   Spells                             Type                      Level
   a - Beastly Appendage              Transmutation                1
   b - Sticks to Snakes               Transmutation                2
   c - Spider Form                    Transmutation/Poison         3
   d - Ice Form                       Ice/Transmutation            4
   e - Blade Hands                    Transmutation                5
 y - a book of the Earth

   Spells                             Type                      Level
   a - Leda's Liquefaction            Hexes/Earth                  4
   b - Bolt of Magma                  Conjuration/Fire/Earth       5
   c - Statue Form                    Transmutation/Earth          6
   d - Iron Shot                      Conjuration/Earth            6
   e - Shatter                        Earth                        9
 B - a book of Burglary

   Spells                             Type                      Level
   a - Swiftness                      Charms/Air                   2
   b - Passwall                       Transmutation/Earth          2
   c - Passage of Golubria            Translocation                4
   d - Lee's Rapid Deconstruction     Earth                        5
   e - Darkness                       Hexes                        6
   f - Invisibility                   Hexes                        6
Comestibles
 d - 2 bread rations
 g - 3 beef jerkies
 m - a slice of pizza
 s - 2 meat rations


   Skills:
 - Level 1.0 Fighting
 - Level 1.5 Dodging
 + Level 1.9 Stealth
 - Level 3.0 Unarmed Combat
 + Level 2.0 Spellcasting
 + Level 4.9 Transmutations
 - Level 3.0 Poison Magic


You had 2 spell levels left.
You knew the following spells:

 Your Spells              Type           Power        Failure   Level  Hunger
a - Beastly Appendage     Trmt           ###...       3%          1    #......
b - Spider Form           Trmt/Pois      ##........   17%         3    ###....
c - Sticks to Snakes      Trmt           ###.....     6%          2    ###....


Dungeon Overview and Level Annotations

Branches:
Dungeon (5/15)
 Temple: D:4-7

Altars:
Gozag
Nemelex Xobeh
Ru
The Shining One


Innate Abilities, Weirdness & Mutations

You cannot wear boots.
Your serpentine skin is tough (AC +1).
You have supernaturally acute eyesight.
Armour fits poorly on your strangely shaped body.
Your system is resistant to poisons.
You cover ground very slowly.
You have a slow metabolism.
You can spit poison.


Message History

You closely miss the ice beast.
The ice beast is moderately wounded.
Your ball python bites the ice beast.
Your adder completely misses the ice beast.
The ice beast hits you. The ice beast freezes you!
* * * LOW HITPOINT WARNING * * *
Your ball python completely misses the ice beast.
Drink which item? (? for menu, Esc to quit)
You feel agile all of a sudden.
Your adder bites the ice beast but does no damage.
Your ball python bites the ice beast.
The ice beast hits your adder. The ice beast freezes your adder!
Your adder dies!
Drink which item? (? for menu, Esc to quit)
You feel yourself speed up.
Your ball python closely misses the ice beast.
The ice beast hits you.
* * * LOW HITPOINT WARNING * * *
The ice beast freezes you!
You die...

. .....................
.................####
#................###. #
##...................
##.###..............####
.......................#
...(....................
......S......####...>...
......Y@...#.## #.......
####.....###..# #.#..###
#........#.###.##..##
#....##.........###...
#.... #......######...
.......................
......##......##........
...... ##.....##........
.... #.....###.......


You could see an ice beast and a friendly ball python.

Vanquished Creatures
  A scorpion (D:4)
  A giant frog skeleton (D:4)
  2 adders
  5 oozes
  3 worms
  3 giant geckos
  5 orcs
  6 bats
  4 goblins
  4 hobgoblins
  13 jackals
  A quokka (D:2)
  6 giant newts
  A jackal skeleton (D:4)
  4 kobolds
  3 rats
62 creatures vanquished.

Vanquished Creatures (collateral kills)
  An adder (D:4)
  A jackal (D:4)
2 creatures vanquished.

Grand Total: 64 creatures vanquished

Notes
Turn   | Place    | Note
--------------------------------------------------------------
     0 | D:1      | deorigin the Naga Transmuter began the quest for the Orb.
     0 | D:1      | Reached XP level 1. HP: 18/18 MP: 3/3
   160 | D:1      | Reached XP level 2. HP: 13/25 MP: 3/5
   407 | D:1      | Reached skill level 3 in Transmutations
   804 | D:1      | Reached XP level 3. HP: 16/31 MP: 6/6
  1503 | D:2      | Learned a level 3 spell: Spider Form
  1506 | D:2      | Learned a level 2 spell: Sticks to Snakes
  1638 | D:2      | Found a sparkling altar of Nemelex Xobeh.
  1853 | D:2      | Found a glowing golden altar of the Shining One.
  1856 | D:2      | Found a sacrificial altar of Ru.
  1859 | D:2      | Found a sparkling altar of Nemelex Xobeh.
  2009 | D:3      | Reached skill level 1 in Stealth
  2051 | D:3      | Found an opulent altar of Gozag.
  2376 | D:3      | Reached XP level 4. HP: 35/38 MP: 5/7
  2405 | D:3      | Reached skill level 1 in Poison Magic
  2407 | D:3      | Reached skill level 4 in Transmutations
  2781 | D:4      | Reached XP level 5. HP: 13/44 MP: 3/8
  3644 | D:5      | Entered Level 5 of the Dungeon
  3749 | D:5      | Noticed an ice beast
  3763 | D:5      | Mangled by an ice beast

Skill      XL: |  1  2  3  4  5 |
---------------+----------------+-----
Transmutations | 3 4 |  4.9
Stealth        | 1 |  1.9
Poison Magic   | 2 3 |  3.0
Fighting       | |  1.0
Dodging        | |  1.5
Unarmed Combat | |  3.0
Spellcasting   | |  2.0

Action                   |  1- 3 |  4- 6 || total
-------------------------+-------+-------++-------
Melee: Unarmed           |    82 |    60 ||   142
       Headbutt          |     6 |     7 ||    13
       Punch             |     1 |     2 ||     3
 Cast: Beastly Appendage |    15 |    10 ||    25
       Sticks to Snakes  |       |     7 ||     7
 Abil: Spit Poison       |    36 |    16 ||    52
  Use: Scroll            |       |     4 ||     4
       Potion            |       |     2 ||     2
  Eat: Chunk             |     5 |     6 ||    11
Armor: Robe              |     9 |     2 ||    11
Dodge: Dodged            |    50 |    30 ||    80
Block: Other             |     8 |     7 ||    15
